 Dungeon Crawl Stone Soup version 0.27-a0-401-gea03ee85fd (webtiles) character file.

Game seed: 11160316781826098546

5101 Shayle the Skirmisher (level 10, 0/71 HPs)
             Began as a Demonspawn Warper on Feb 21, 2021.
             Was a Follower of Hepliaklqana.
             Slain by a boulder beetle (11 damage)
             ... on level 9 of the Dungeon.
             The game lasted 00:21:10 (10751 turns).

Shayle the Skirmisher (Demonspawn Warper)          Turns: 10751, Time: 00:21:12

Health: 0/71       AC: 20    Str: 21    XL:     10   Next: 32%
Magic:  13/13      EV: 13    Int: 14    God:    Hepliaklqana [*.....]
Gold:   224        SH:  0    Dex: 14    Spells: 11/13 levels left

rFire    . . .     SeeInvis .   t - +2 flail (protect)
rCold    + . .     Faith    .   (no shield)
rNeg     + . .     Spirit   .   v - +1 scale mail of Failure {+Blink rC+ rN+ Str+4}
rPois    .         Reflect  .   p - +0 helmet
rElec    .         Harm     .   B - +0 cloak
rCorr    .         Rampage  .   K - +1 pair of gloves {Str+3}
Will     .....                  (no boots)
Stlth    ..........             (no amulet)
HPRegen  0.21/turn              (no ring)
MPRegen  0.13/turn              (no ring)

@: protection aura
A: reduced essence, claws 2, hooves 1, demonic guardian 1, spiny 2
a: Renounce Religion, Evoke Blink, Recall Ancestor, Ancestor Identity


You were on level 9 of the Dungeon.
You worshipped Hepliaklqana.
Hepliaklqana was aware of your devotion.
You visited 2 branches of the dungeon, and saw 10 of its levels.

You collected 605 gold pieces.
You spent 381 gold pieces at shops.

Inventory:

Hand Weapons
 a - a +0 spear
 e - a +0 trident
 t - a +2 flail of protection (weapon)
 E - a +0 vorpal hand axe
Missiles
 J - 3 boomerangs (quivered)
Armour
 b - a +0 leather armour
 p - a +0 helmet (worn)
 s - a +0 kite shield
 v - the +1 scale mail of Failure (worn) {+Blink rC+ rN+ Str+4}
   (You found it on level 4 of the Dungeon)

   It affects your strength (+4).
   It protects you from cold.
   It protects you from negative energy.
   It lets you blink.
 B - a +0 cloak (worn)
 F - a +0 pair of gloves
 H - the +1 plate armour "Ojuiwkiff" {MP+9 Stlth+, unknown}
   (You found it on level 8 of the Dungeon)

   It affects your magic capacity (+9).
   It makes you more stealthy.
 K - a +1 pair of gloves of strength (worn)
Magical Staves
 y - a staff of poison {unknown}
Jewellery
 g - an amulet of faith
 z - a ring of positive energy {unknown}
Wands
 i - a wand of flame (25)
Scrolls
 c - 5 scrolls of teleportation
 d - 3 scrolls of blinking
 f - 2 scrolls of fog {unknown}
 m - a scroll of random uselessness {unknown}
 n - 3 scrolls of immolation {unknown}
 o - 3 scrolls of amnesia {unknown}
 r - 6 scrolls of identify
 u - 2 scrolls of enchant armour {unknown}
 w - a scroll of summoning
 x - a scroll of fear {unknown}
 A - a scroll of magic mapping {unknown}
 G - 2 scrolls of enchant weapon {unknown}
Potions
 h - 2 potions of lignification
 j - a potion of ambrosia {unknown}
 k - a potion of curing {unknown}
 l - a potion of magic {unknown}
 q - 2 potions of flight
 C - 4 potions of attraction
 D - a potion of might {unknown}


   Skills:
 + Level 7.6 Fighting
 + Level 7.0 Polearms
 - Level 0.8 Throwing
 + Level 6.6 Armour
 + Level 6.9 Dodging
 - Level 4.0 Shields
 - Level 2.0 Spellcasting
 - Level 2.6 Translocations


You had 11 spell levels left.
You knew the following spells:

 Your Spells              Type           Power        Failure   Level
a - Blink                 Tloc           N/A          28%         2

Your spell library contained the following spells:

 Spells                   Type           Power        Failure   Level
 Gell's Gravitas          Tloc           4%           50%         3
 Lesser Beckoning         Tloc           4%           50%         3
 Teleport Other           Tloc           8%           50%         3
 Manifold Assault         Tloc           8%           88%         4


Dungeon Overview and Level Annotations

Branches:
Dungeon (9/15)             Temple (1/1) D:7            Lair (0/6) D:8
    Orc (0/2) D:9

Altars:
Ashenzari
Cheibriados
Dithmenos
Elyvilon
Fedhas
Gozag
Hepliaklqana
Kikubaaqudgha
Makhleb
Nemelex Xobeh
Okawaru
Qazlal
Ru
Sif Muna
Trog
Uskayaw
Vehumet
Wu Jian
Xom
Yredelemnul
Zin
The Shining One

Shops:
D:4 *   D:5 (   D:7 (   D:8 *   D:9 ([

Annotations:
D:3 1 runed translucent door, dolemite99's ghost, amateur MiAK


Innate Abilities, Weirdness & Mutations

You have very sharp fingernails.
You have large cloven feet.
A weak demonic guardian rushes to your aid.
You are mostly covered in sharp spines.
Your life essence is reduced to manifest your ancestor. (-10% HP)


Message History

The boulder beetle barely misses Nebetia.
The boulder beetle bites Nebetia!
Nebetia hits the boulder beetle.
The boulder beetle bites Nebetia!
You swap places.
The boulder beetle is struck by your spines.
The boulder beetle bites you but does no damage.
Your scale mail of Failure prevents you from hitting the boulder beetle.
You kick the boulder beetle, but do no damage.
The boulder beetle is lightly wounded.
The boulder beetle leaps!
The boulder beetle curls into a ball and begins rolling!
You swap places.
Nebetia hits the boulder beetle but does no damage.
The boulder beetle hits Nebetia!!!
Nebetia is destroyed!
The boulder beetle stops rolling and uncurls.
The boulder beetle leaps!
The boulder beetle curls into a ball and begins rolling!
The boulder beetle hits you!!
The boulder beetle stops rolling and uncurls.
You hit the boulder beetle.
Your weapon exudes an aura of protection.
The boulder beetle is lightly wounded.
The boulder beetle barely misses you.
You hit the boulder beetle but do no damage.
You kick the boulder beetle, but do no damage.
The boulder beetle bites you!
The boulder beetle bites you but does no damage.
You feel much better.
The boulder beetle leaps!
The boulder beetle is struck by your spines.
The boulder beetle bites you!!
There is a stone staircase leading up, spattered with blood here.
You hit the boulder beetle.
Your weapon exudes an aura of protection.
You kick the boulder beetle, but do no damage.
The boulder beetle is lightly wounded.
The boulder beetle bites you!
* * * LOW HITPOINT WARNING * * *
A demonic guardian appears!
The boulder beetle bites you!
You die...

#############
#.○B○..B°○○..
######.##########.
#..°°..# #. #.######
#. #.# #. #.# ## #.#
# #@# ### ### # #B#
#.. ..# # ####5# #.#
#.# # #....# #.# #.#
# #.#### #.# #.####
#.# #.# #.##..
#.###### ##.## #.##.#
#.##...###...###.....
#≈≈≈.................


You could see a boulder beetle (ally target) and a friendly iron imp (summoned).

Vanquished Creatures
  A hydra (D:9)
  A two-headed ogre (D:9)
  A cyclops (D:8)
  Prince Ribbit (D:9)
  A hornet (D:8)
  2 sky beasts
  2 orc warriors (D:6)
  3 ice beasts
  2 ogres
  A centaur (D:6)
  A phantom (D:4)
  3 bullfrogs
  3 scorpions
  3 wights (D:9)
  A howler monkey (D:5)
  An electric eel (D:9)
  A centaur zombie (D:5)
  A quasit (D:8)
  6 orc priests
  A centaur skeleton (D:4)
  A jelly (D:7)
  A hound (D:6)
  A gnoll shaman (D:3)
  2 iguanas
  4 orc wizards
  4 worker ants
  A killer bee zombie (D:6)
  A hound zombie (D:8)
  2 hound skeletons
  A howler monkey zombie (D:5)
  A worker ant zombie (D:5)
  8 gnolls
  7 adders
  2 shadow imps
  5 white imps
  2 ufetubi
  A worm (D:2)
  A dart slug (D:3)
  2 leopard geckos
  27 orcs
  4 giant cockroaches
  11 goblins
  10 hobgoblins
  16 jackals
  8 kobolds
  7 quokkas
  3 ball pythons
  4 bats
  6 frilled lizards
  A quokka skeleton (D:5)
  8 rats
188 creatures vanquished.

Vanquished Creatures (collateral kills)
  An orc warrior (D:9)
  An ogre (D:8)
  A kobold brigand (D:9)
  A bullfrog (D:8)
  A wyvern skeleton (D:8)
  A howler monkey (D:8)
  A jelly (D:8)
  An orc priest (D:7)
  An orc wizard (D:4)
  An adder (D:8)
  5 orcs
  A kobold (D:9)
16 creatures vanquished.

Vanquished Creatures (others)
  3 ancestors (D:9)
  A leopard gecko (D:3)
  2 plants (D:3)
  4 toadstools (D:1)
10 creatures vanquished.

Grand Total: 214 creatures vanquished

Notes
Turn   | Place    | Note
-------+----------+-------------------------------------------
     0 | D:1      | Shayle the Demonspawn Warper began the quest for the Orb.
     0 | D:1      | Reached XP level 1. HP: 16/16 MP: 3/3
    54 | D:1      | Reached skill level 1 in Armour
   336 | D:1      | Gained mutation: You have sharp fingernails. [demonic
                  | ancestry]
   336 | D:1      | Reached XP level 2. HP: 21/22 MP: 5/5
  1561 | D:2      | Gained mutation: A weak demonic guardian rushes to your
                  | aid. [demonic ancestry]
  1561 | D:2      | Reached XP level 3. HP: 28/28 MP: 6/6
  2566 | D:2      | Gained mutation: You are partially covered in sharp spines.
                  | [demonic ancestry]
  2566 | D:2      | Reached XP level 4. HP: 34/34 MP: 7/7
  2825 | D:3      | Learned a level 2 spell: Blink
  3275 | D:3      | Found a stormy altar of Qazlal.
  3481 | D:3      | Found a runed translucent door.
  3482 | D:3      | Noticed dolemite99's ghost (amateur MiAK)
  3888 | D:3      | Gained mutation: You have large cloven feet. [demonic
                  | ancestry]
  3888 | D:3      | Reached XP level 5. HP: 32/41 MP: 8/8
  4714 | D:4      | Noticed a phantom
  4730 | D:4      | Killed a phantom
  4731 | D:4      | Gained mutation: You have very sharp fingernails. [demonic
                  | ancestry]
  4731 | D:4      | Reached XP level 6. HP: 23/47 MP: 9/9
  4958 | D:4      | Reached skill level 1 in Shields
  5005 | D:4      | Noticed a sky beast
  5024 | D:4      | Killed a sky beast
  5025 | D:4      | Reached XP level 7. HP: 41/54 MP: 10/10
  5252 | D:4      | Got a brightly glowing scale mail
  5263 | D:4      | Identified the +1 scale mail of Failure {+Blink rC+ rN+
                  | Str+4} (You found it on level 4 of the Dungeon)
  5326 | D:4      | Found Hukiras's General Store.
  5334 | D:4      | Bought a scroll of summoning for 114 gold pieces
  5334 | D:4      | Bought a scroll of teleportation for 36 gold pieces
  5347 | D:5      | Entered Level 5 of the Dungeon
  5613 | D:5      | Found an opulent altar of Gozag.
  5613 | D:5      | Found a sacrificial altar of Ru.
  5615 | D:5      | Found a bloodstained altar of Trog.
  5618 | D:5      | Found a shadowy altar of Dithmenos.
  5774 | D:5      | Found Muit's Antique Weapon Shop.
  5828 | D:5      | Found a glowing golden altar of the Shining One.
  6304 | D:6      | Gained mutation: You are mostly covered in sharp spines.
                  | [demonic ancestry]
  6304 | D:6      | Reached XP level 8. HP: 41/61 MP: 11/11
  6540 | D:6      | Reached skill level 5 in Fighting
  7781 | D:6      | Reached skill level 5 in Polearms
  7816 | D:6      | Reached skill level 5 in Dodging
  8002 | D:7      | Found a staircase to the Ecumenical Temple.
  8036 | Temple   | Entered the Ecumenical Temple
  8263 | Temple   | Became a worshipper of Hepliaklqana the Forgotten
  8362 | D:7      | Reached XP level 9. HP: 47/62 MP: 12/12
  8461 | D:7      | Found Iddekkot's Weapon Emporium.
  8606 | D:8      | Reached skill level 5 in Armour
  8801 | D:8      | Found a glowing silver altar of Zin.
  8802 | D:8      | Found Zin's Purification Station.
  9008 | D:8      | Noticed a cyclops
  9079 | D:8      | Killed a cyclops
  9196 | D:8      | Got a jewelled plate armour
  9288 | D:8      | Found a staircase to the Lair.
  9439 | D:9      | Reached * piety under Hepliaklqana
  9471 | D:9      | Noticed a seven-headed hydra
  9481 | D:9      | Killed a seven-headed hydra
  9482 | D:9      | Reached XP level 10. HP: 6/71 MP: 13/13
  9823 | D:9      | Noticed Prince Ribbit
  9841 | D:9      | Found Rasak's Weapon Shop.
  9841 | D:9      | Found a staircase to the Orcish Mines.
  9842 | D:9      | Found Daschuan's Armour Shop.
  9842 | D:9      | Killed Prince Ribbit
  9880 | D:9      | Bought a +1 pair of gloves of strength for 231 gold pieces
  9920 | D:9      | Noticed a two-headed ogre
 10144 | D:9      | Found a blossoming altar of Fedhas.
 10288 | D:9      | Killed a two-headed ogre
 10718 | D:9      | Noticed a boulder beetle
 10751 | D:9      | Slain by a boulder beetle

Illustrated notes

Levels and vault maps discovered:
D:1:      ldierk_walled_garden_2, layout_basic
D:2:      layout_basic, grunt_ministairs_13
D:3:      layout_basic, grunt_qazlal_clouds, ebering_ghost_reflecting_pool,
          serial_bayou_pond_d
D:4:      layout_basic, serial_shops, shop
D:5:      layout_loops_cross, grunt_temple_overflow_cloverleaf, serial_shops,
          shop_statue, basic_altar
D:6:      layout_gridville, minmay_misc_feat_four_crosses,
          minmay_strange_pillars, minmay_puff
D:7:      layout_basic, minmay_temple_entry_hall, serial_shops,
          nicolae_shop_waterfront
D:8:      layout_loops_ring, zin_purify, lair_entry_dummy
D:9:      minmay_gate_of_8, layout_loops_ring, fedhas_altar_2, orc_david_3,
          kennysheep_generic_room_8, uniq_prince_ribbit1
Temple:   regret_index_temple_generic_petals

Skill      XL: |  1  2  3  4  5  6  7  8  9 10 |
---------------+-------------------------------+-----
Armour         | 1 2 3 4 6 |  6.6
Polearms       | 2 3 4 5 6 7 |  7.0
Dodging        | 2 3 4 5 6 |  6.9
Fighting       | 3 4 5 7 |  7.6
Shields        | 1 2 3 4 |  4.0
Throwing       | |  0.8
Spellcasting   | |  2.0
Translocations | |  2.6

Action                   |  1- 3 |  4- 6 |  7- 9 | 10-12 || total
-------------------------+-------+-------+-------+-------++-------
Melee: Spear             |   192 |    92 |       |       ||   284
       Flail             |       |    55 |   199 |    46 ||   300
       Kick              |       |    16 |    72 |    22 ||   110
Throw: Boomerang         |       |     5 |       |       ||     5
Evoke: Wand              |       |       |     5 |     4 ||     9
  Use: Potion            |       |     2 |     1 |     1 ||     4
       Scroll            |       |       |     1 |     2 ||     3
 Stab: Distracted        |       |       |       |     1 ||     1
Armor: Leather armour    |    29 |    44 |       |       ||    73
       Scale mail        |       |       |   120 |    12 ||   132
Dodge: Dodged            |   106 |    88 |   121 |    32 ||   347

Table legend: (Time is in decaauts)
 A = Elapsed time spent in this place.
 B = Non-inter-level travel time spent in this place.
 C = Inter-level travel time spent in this place.
 D = Time resting spent in this place.
 E = Time spent auto-exploring this place.
 F = Levels seen in this place.
 G = Mean time per level.
                   A        B        C        D        E       F      G
               +--------+--------+--------+--------+--------+-----+--------+
         Total |  10883 |  10441 |    442 |   2050 |   6297 |  10 | 1088.3 |
       Dungeon |  10615 |  10234 |    381 |   2050 |   6092 |   9 | 1179.4 |
        Temple |    267 |    206 |     61 |      0 |    205 |   1 |  267.0 |
               +--------+--------+--------+--------+--------+-----+--------+

Top non-repeatable levels by time:
     D:4: 1721 daAuts
     D:1: 1534 daAuts
     D:6: 1411 daAuts
     D:2: 1278 daAuts
     D:9: 1165 daAuts
     D:8: 1022 daAuts
     D:5: 940 daAuts
     D:3: 870 daAuts
     D:7: 671 daAuts
  Temple: 267 daAuts
